 Dungeon Crawl Stone Soup version 0.32-a0-172-gc5dd13f2a7 (webtiles) character file.

Game seed: 1760041607459065449

146 dialectric the Covert (level 5, 0/28 HPs)
             Began as a Spriggan Delver on Feb 13, 2024.
             Killed by divine providence
             ... invoked by an orc priest
              (12 damage)
             ... on level 3 of the Dungeon.
             The game lasted 00:01:07 (774 turns).

dialectric the Covert (Spriggan Delver)              Turns: 774, Time: 00:01:08

Health: 0/28       AC:  2    Str:  8    XL:     5   Next: 7%
Magic:  6/6        EV: 19    Int: 11    God:
Gold:   69         SH:  0    Dex: 19    Spells: 4/4 levels left

rFire   . . .        a - +0 short sword
rCold   . . .        (no shield)
rNeg    . . .        b - +0 robe
rPois   .            (helmet restricted)
rElec   .            (no cloak)
rCorr   .            (gloves unavailable)
SInv    +            (boots unavailable)
Will    .....        (no amulet)
Stlth   ++++         (no ring)
HPRegen 0.24/turn    (no ring)
MPRegen 0.10/turn

%: no passive effects
@: very quick
A: very small, no large weapons, unfitting armour, see invisible, speed 3
a: no special abilities


You were on level 3 of the Dungeon.
You visited 1 branch of the dungeon, and saw 3 of its levels.

You collected 69 gold pieces.

Inventory:

Hand Weapons
 a - a +0 short sword (weapon)
Missiles
 i - 7 poisoned darts (quivered)
Armour
 b - a +0 robe (worn)
Wands
 g - a wand of digging (3)
Scrolls
 c - a scroll of fog
 d - a scroll of revelation
 e - a scroll of fear
 h - 4 scrolls of identify {unknown}
 j - a scroll of immolation {unknown}
Potions
 f - a potion of haste


   Skills:
 + Level 3.1 Fighting
 + Level 3.3 Short Blades
 + Level 4.0 Dodging
 * Level 8.6 Stealth


You had 4 spell levels left.
You didn't know any spells.
Your spell library was empty.

Dungeon Overview and Level Annotations

Branches:
Dungeon (5/15)
 Temple: D:4-7

Altars:


Innate Abilities, Weirdness & Mutations

You are very small and have problems with some larger weapons.
You are too small for most types of armour.
You have supernaturally acute eyesight. (SInv)
You cover ground extremely quickly. (Speed+++)


Message History

The orc priest shouts!
You hit the kobold.
You kill the kobold!
The orc throws a boomerang.
The boomerang closely misses you.
Things that are here:
a +0 whip; a +0 leather armour An orc comes into view.
It is wielding a +0 war axe.
The orc misses you.
You closely miss the orc. The orc misses you.
The orc shouts!
You hit the orc priest.
The orc priest is lightly wounded.
You hear a shout! x2
The orc priest completely misses you. The orc misses you.
You hit the orc priest but do no damage.
The orc priest is lightly wounded.
You hit the orc priest but do no damage.
The orc priest is lightly wounded.
An orc priest comes into view. It is wielding a +0 flail.
The orc priest hits you with a +0 club. The orc misses you.
You hit the orc priest but do no damage.
The orc priest is lightly wounded.
The orc priest calls down the wrath of Beogh upon you.
You resist with significant effort. The orc misses you.
You barely miss the orc priest.
The orc priest is lightly wounded.
The orc completely misses you.
A goblin comes into view. It is wielding a +0 club.
The orc priest hits you with a +0 club.
You hit the orc priest.
The orc priest is moderately wounded.
The orc misses you.
Unknown command.
Things that are here:
a +0 dagger; 3 stones The orc attacks as it pursues you!
The orc hits you with a +0 war axe!
The orc throws a boomerang.
The boomerang closely misses you.
The orc priest mumbles some strange prayers to Beogh against you.
Beogh smites you!
You die...

######### # ........##
####### #
.........####.....######
........................
....../........##.######
.......@..##..........##
......................##
........o.#...!.......##
....(..o.).†.....$.††...
.........o).........>...
..#......o..........?.?.
# #...$...............#.
#######..#..........##
#..#..........#.


You could see 2 orc priests and 2 orcs.

Vanquished Creatures
  A scorpion (D:4)
  2 hounds
  An adder (D:3)
  A dart slug (D:3)
  2 orcs
  3 ball pythons
  An endoplasm (D:4)
  2 goblins (D:4)
  A quokka (D:3)
  A bat (D:3)
  5 kobolds
  A rat (D:3)
21 creatures vanquished.

Notes
Turn   | Place    | Note
-------+----------+-------------------------------------------
     0 | D:5      | dialectric the Spriggan Delver began the quest for the Orb.
     0 | D:5      | Reached XP level 1. HP: 11/11 MP: 2/2
    15 | D:5      | Noticed a hound
    20 | D:5      | Killed a hound
    21 | D:5      | Reached XP level 2. HP: 16/16 MP: 3/3
    21 | D:5      | Reached XP level 3. HP: 19/19 MP: 4/4
    50 | D:5      | Noticed a gnoll sergeant
   165 | D:4      | Reached skill level 8 in Stealth
   186 | D:4      | Noticed a scorpion
   191 | D:4      | Reached XP level 4. HP: 17/23 MP: 5/5
   237 | D:4      | Killed a scorpion
   717 | D:3      | Reached XP level 5. HP: 27/28 MP: 6/6
   774 | D:3      | Killed from afar by an orc priest

Illustrated notes

Levels and vault maps discovered:
D:3:      layout_rooms, lemuel_crystal_altar, grunt_ministairs_1
D:4:      layout_basic
D:5:      layout_basic, minmay_temple_entry_trees, uniq_crazy_yiuf_cottage

Skill      XL: |  1  2  3  4 |
---------------+-------------+-----
Dodging        | 3 4 |  4.0
Stealth        | 8 |  8.6
Short Blades   | 3 |  3.3
Fighting       | 3 |  3.1

Action                     |  1- 3 |  4- 6 || total
---------------------------+-------+-------++-------
  Melee: Short sword       |    15 |    37 ||    52
  Throw: Dart              |       |     6 ||     6
   Stab: Sleeping          |     2 |     2 ||     4
 Armour: Robe              |     4 |     8 ||    12
  Dodge: Dodged            |    11 |    32 ||    43

Table legend: (Time is in decaauts)
 A = Elapsed time spent in this place.
 B = Non-inter-level travel time spent in this place.
 C = Inter-level travel time spent in this place.
 D = Time resting spent in this place.
 E = Time spent auto-exploring this place.
 F = Levels seen in this place.
 G = Mean time per level.
                   A        B        C        D        E       F      G
               +--------+--------+--------+--------+--------+-----+--------+
         Total |    506 |    495 |     11 |      0 |    343 |   3 |  168.7 |
       Dungeon |    506 |    495 |     11 |      0 |    343 |   3 |  168.7 |
               +--------+--------+--------+--------+--------+-----+--------+

Top non-repeatable levels by time:
     D:4: 383 daAuts
     D:3: 78 daAuts
     D:5: 44 daAuts
